 Dungeon Crawl Stone Soup version 0.27.1-1-g398f81649c (webtiles) character file.

Game seed: 15324577555027568195

42 greenlake the Grasshopper (level 3, 0/28 HPs)
             Began as a Gnoll Wanderer on Sept 14, 2021.
             Succumbed to an adder's poison
             ... on level 2 of the Dungeon.
             The game lasted 00:02:42 (1517 turns).

greenlake the Grasshopper (Gnoll Wanderer)          Turns: 1517, Time: 00:02:43

Health: 0/28       AC:  2    Str:  8 (11) XL:     3   Next: 54%
Magic:  7/7        EV: 12    Int:  9 (11) God:
Gold:   28         SH:  0    Dex: 11 (12) Spells: 7/7 levels left

rFire    . . .     SeeInvis .   a - +2 dagger
rCold    . . .     Faith    .   (no shield)
rNeg     . . .     Spirit   .   d - +0 robe
rPois    .         Reflect  .   (no helmet)
rElec    .         Harm     .   (no cloak)
rCorr    .         Rampage  .   (no gloves)
Will     .....                  (no boots)
Stlth    ++........             (no amulet)
HPRegen  0.09/turn              (no ring)
MPRegen  0.10/turn              (no ring)

@: lethally poisoned (0 -> -2)
A: fangs 1, strong nose, distributed training
a: no special abilities


You were on level 2 of the Dungeon.
You visited 1 branch of the dungeon, and saw 2 of its levels.

You collected 28 gold pieces.

Inventory:

Hand Weapons
 a - a +2 dagger (weapon)
Missiles
 b - 2 curare-tipped darts (quivered)
Armour
 d - a +0 robe (worn)
Scrolls
 e - a scroll of fog {unknown}
 f - a scroll of enchant weapon {unknown}
 g - a scroll of teleportation {unknown}
Potions
 c - a potion of lignification


   Skills:
 + Level 2.6 Fighting
 + Level 0.8 Short Blades
 + Level 0.8 Long Blades
 + Level 0.8 Axes
 + Level 0.8 Maces & Flails
 + Level 0.8 Polearms
 + Level 0.8 Staves
 + Level 0.8 Slings
 + Level 0.8 Bows
 + Level 0.8 Crossbows
 + Level 4.5 Throwing
 + Level 0.8 Armour
 + Level 2.6 Dodging
 + Level 2.4 Stealth
 + Level 0.8 Shields
 + Level 0.8 Unarmed Combat
 + Level 2.8 Spellcasting
 + Level 0.5 Conjurations
 + Level 2.1 Hexes
 + Level 0.5 Summonings
 + Level 0.5 Necromancy
 + Level 5.4 Translocations
 + Level 0.5 Transmutations
 + Level 0.5 Fire Magic
 + Level 0.5 Ice Magic
 + Level 0.5 Air Magic
 + Level 0.5 Earth Magic
 + Level 0.5 Poison Magic
 + Level 1.0 Invocations
 + Level 0.8 Evocations


You had 7 spell levels left.
You didn't know any spells.
Your spell library was empty.

Dungeon Overview and Level Annotations

Branches:
Dungeon (2/15)

Altars:


Innate Abilities, Weirdness & Mutations

You have very sharp teeth.
Your uncanny sense of smell can sniff out nearby items.
Your experience applies equally to all skills.


Message History

You feel sick.
You feel sick. The giant cockroach barely misses you.
You feel sick. The adder barely misses you.
You feel sick.
You feel sick.
You are no longer poisoned.
You miss the adder.
The adder is moderately wounded.
The adder closely misses you. x2
You closely miss the adder.
The adder is moderately wounded.
The adder bites you.
* * * LOW HITPOINT WARNING * * *
You miss the adder. Your bite misses the adder.
The adder is moderately wounded.
The adder misses you.
You hit the adder. You bite the adder.
The adder is heavily wounded.
The adder barely misses you.
You hit the adder.
The adder is almost dead.
The adder bites you but does no damage. The adder bites you.
* * * LOW HITPOINT WARNING * * *
You are lethally poisoned!
The adder poisons you!
You hit the adder.
You kill the adder!
* * * LOW HITPOINT WARNING * * *
You feel sick.
Your Invocations skill increases to level 1!
It was a potion of degeneration.
There was something very wrong with that liquid.
You feel weakened.
You feel dopey.
You feel clumsy.
* * * LOW HITPOINT WARNING * * *
You feel sick.
The giant cockroach barely misses you. x2
You closely miss the giant cockroach.
* * * LOW HITPOINT WARNING * * *
You feel sick. The giant cockroach barely misses you.
You barely miss the giant cockroach.
You die...

#..?....... #......[...
#.......... ##.........
##.......# ##.....####
#..##### ###B## #..@#
######## ####.### #......#
####....######......##
............)........#
####################.#####
#...... #...... #......
#####......


You could see a giant cockroach.

Vanquished Creatures
  2 adders (D:2)
  2 ball pythons (D:1)
  2 bats (D:1)
  6 endoplasms (D:1)
  A goblin (D:1)
  2 hobgoblins (D:1)
  4 kobolds (D:1)
  3 rats (D:1)
22 creatures vanquished.

Notes
Turn   | Place    | Note
-------+----------+-------------------------------------------
     0 | D:1      | greenlake the Gnoll Wanderer began the quest for the Orb.
     0 | D:1      | greenlake set off with the following items: a +2 dagger, 2
                  | curare-tipped darts, a potion of lignification, a +0 robe
     0 | D:1      | Reached XP level 1. HP: 17/17 MP: 4/4
   231 | D:1      | Reached XP level 2. HP: 23/23 MP: 5/5
  1301 | D:2      | Reached XP level 3. HP: 9/28 MP: 7/7
  1515 | D:2      | Reached skill level 1 in Invocations
  1516 | D:2      | HP: 1/28 [poisoned by an adder]
  1517 | D:2      | Succumbed to an adder's poison

Illustrated notes

Levels and vault maps discovered:
D:1:      lemuel_arrival_room, layout_loops_corners, minmay_liquid_box
D:2:      layout_rooms, uniq_sigmund

Skill      XL: |  1  2  3 |
---------------+----------+-----
Hexes          | 2 |  2.1
Invocations    | 1 |  1.0
Fighting       | |  2.6
Short Blades   | |  0.8
Long Blades    | |  0.8
Axes           | |  0.8
Maces & Flails | |  0.8
Polearms       | |  0.8
Staves         | |  0.8
Slings         | |  0.8
Bows           | |  0.8
Crossbows      | |  0.8
Throwing       | |  4.5
Armour         | |  0.8
Dodging        | |  2.6
Stealth        | |  2.4
Shields        | |  0.8
Unarmed Combat | |  0.8
Spellcasting   | |  2.8
Conjurations   | |  0.5
Summonings     | |  0.5
Necromancy     | |  0.5
Translocations | |  5.4
Transmutations | |  0.5
Fire Magic     | |  0.5
Ice Magic      | |  0.5
Air Magic      | |  0.5
Earth Magic    | |  0.5
Poison Magic   | |  0.5
Evocations     | |  0.8

Action                   || total
-------------------------++-------
Melee: Dagger            ||    67
       Bite              ||     3
  Use: Potion            ||     3
 Stab: Sleeping          ||     6
Armor: Robe              ||    18
Dodge: Dodged            ||    39
